 Dungeon Crawl Stone Soup version 0.18.1-50-g88ac8fd (webtiles) character file.

1187 Gargoyl the Skirmisher (level 8, -16/62 HPs)
             Began as a Demonspawn Abyssal Knight on Oct 17, 2016.
             Was a High Priest of Lugonu.
             Demolished by an ogre
             ... wielding a +0 giant spiked club
              (21 damage)
             ... on level 4 of the Dungeon.
             The game lasted 00:12:16 (5346 turns).

Gargoyl the Skirmisher (Demonspawn Abyssal Knight)  Turns: 5346, Time: 00:12:17

Health: -16/62     AC: 13    Str: 14    XL:     8   Next: 19%
Magic:  10/10      EV: 16    Int: 13    God:    Lugonu [*****.]
Gold:   275        SH:  9    Dex: 12    Spells: 0 memorised, 7 levels left

rFire  . . .     SeeInvis .     a - +2 hand axe
rCold  . . .     Gourm    .     i - +0 ring mail {rPois}
rNeg   + . .     Faith    .     j - +0 buckler
rPois  +         Spirit   .     u - +0 helmet
rElec  .         Dismiss  .     (no cloak)
rCorr  .         Reflect  +     (no gloves)
SustAt .         Harm     .     (no boots)
MR     .....                    d - +4 amulet of reflection
Stlth  +.........               A - +4 ring of evasion
                                e - ring of positive energy

@: not resistant to hostile enchantments, very unstealthy
A: claws 1, rough black scales 2, demonic guardian 1
a: Depart the Abyss, Bend Space, Banish, Corrupt, Enter the Abyss, Renounce
Religion


You were on level 4 of the Dungeon.
You worshipped Lugonu.
Lugonu was extremely pleased with you.
You were not hungry.

You visited 1 branch of the dungeon, and saw 5 of its levels.
You visited the Abyss 1 time.
You also visited: Ossuary.

You collected 275 gold pieces.

Inventory:

Hand Weapons
 a - a +2 hand axe (weapon)
Missiles
 y - 5 tomahawks (quivered)
Armour
 i - a +0 ring mail of poison resistance (worn)
 j - a +0 buckler (worn)
 u - a +0 helmet (worn)
Jewellery
 d - a +4 amulet of reflection (around neck)
 e - a ring of positive energy (left claw)
 v - an uncursed ring of flight
 A - a +4 ring of evasion (right claw)
 D - an uncursed ring of positive energy
Wands
 z - a wand of flame (24/48)
Scrolls
 c - a scroll of blinking {unknown}
 g - 2 scrolls of recharging
 h - 4 scrolls of identify
 m - 6 scrolls of remove curse
 s - a scroll of amnesia
 w - a scroll of teleportation
Potions
 b - a potion of lignification
 k - a potion of haste {unknown}
 o - a potion of curing {unknown}
 p - a potion of cure mutation {unknown}
 q - 3 potions of degeneration
 r - a potion of agility {unknown}
 t - a potion of resistance {unknown}
 B - 2 potions of mutation {unknown}
 C - a potion of invisibility {unknown}
Comestibles
 f - 3 beef jerkies
 l - a chunk of flesh
 n - 4 fruits
 x - a meat ration


   Skills:
 + Level 5.0 Fighting
 + Level 4.2 Axes
 + Level 3.3 Armour
 + Level 4.4 Dodging
 + Level 0.6 Stealth
 + Level 4.2 Shields
 + Level 2.8 Invocations


You had 7 spell levels left.
You didn't know any spells.

Dungeon Overview and Level Annotations

Branches:
Dungeon (5/15)
 Temple: D:4-7

Altars:
Cheibriados
Elyvilon
Vehumet


Innate Abilities, Weirdness & Mutations

You have sharp fingernails.
You are mostly covered in rough black scales (AC +7, Dex -2).
A weak demonic guardian rushes to your aid.


Message History

Your iron imp hits the orc but does no damage.
Unknown command.
You barely miss the orc.
The orc is moderately wounded.
You hit the ogre.
The ogre is lightly wounded.
The ogre closely misses you.
Your iron imp hits the orc.
The orc dies!
Lugonu accepts your kill.
You hit the ogre.
The ogre is lightly wounded.
The ogre hits you with a giant spiked club!!
* * * LOW HITPOINT WARNING * * *
Your iron imp hits the ogre!
Unknown command.
Press: ? - help, Shift-Dir - straight line, f - ogre
Aim: an ogre, wielding a giant spiked club (heavily wounded, chance to defeat MR: 81%)
You fail to use your ability.
Your iron imp barely misses the ogre.
The ogre hits you with a giant spiked club!!
You die...

#.# #.#####.# #.# #....>..#
#.###### #.......# #.##...#
#.......#####
####.##...###.#####....".
#........................
#####.##.##...###.########...
#......).##.5O###.########.#.
#.###>)....)@).............#.
#.# #)###########.##.......#.
#.# #.# #.##.......#. #.# #.#
#.##.....#.#. #.# #.#
#.##...<.#... #.# #.#
#.##.....#... #.# #.#
#.##.....#... #.# #.#
#.########... #.# #.# #.#
#...


You could see an ogre and a friendly iron imp.

Vanquished Creatures
  2 elf zombies (Ossuary)
  A giant frog (D:5)
  A scorpion (D:5)
  A howler monkey (D:4)
  A crimson imp (D:5)
  2 centaur zombies (Ossuary)
  A hound (D:4)
  A human zombie (Ossuary)
  2 gnoll shamans
  3 orc priests
  An orc wizard (D:4)
  An iguana (D:5)
  A worker ant (D:4)
  A statue (D:4)
  2 big kobold zombies (Ossuary)
  A hound zombie (Ossuary)
  4 mummies
  A worker ant zombie (D:5)
  Robin (D:2)
  6 gnolls
  8 adders
  A shadow imp (D:5)
  An ufetubus (Abyss:1)
  4 worms
  2 dart slugs
  4 giant geckos
  16 orcs
  5 ball pythons
  4 giant cockroaches
  21 goblins
  8 hobgoblins
  14 jackals
  2 quokkas
  A ball python skeleton (D:4)
  8 bats
  6 giant newts
  3 gnoll zombies (Ossuary)
  7 goblin zombies (Ossuary)
  7 hobgoblin zombies (Ossuary)
  2 jackal zombies (Ossuary)
  9 kobolds
  2 kobold zombies (Ossuary)
  An orc zombie (Ossuary)
  3 quokka zombies (Ossuary)
  13 rats
  2 rat zombies (Ossuary)
188 creatures vanquished.

Vanquished Creatures (collateral kills)
  A howler monkey (D:5)
  An iguana (D:5)
  An orc (D:4)
3 creatures vanquished.

Grand Total: 191 creatures vanquished

Notes
Turn   | Place    | Note
--------------------------------------------------------------
     0 | Abyss:1  | Gargoyl the Demonspawn Abyssal Knight began the quest for the Orb.
     0 | Abyss:1  | Reached XP level 1. HP: 18/18 MP: 2/2
    39 | Abyss:1  | Reached skill level 1 in Dodging
    43 | Abyss:1  | Found a corrupted altar of Lugonu.
    97 | Abyss:1  | Noticed a large abomination
   147 | Abyss:2  | Found a corrupted altar of Lugonu.
   180 | Abyss:2  | Noticed a quasit
   200 | D:1      | Escaped the Abyss
   271 | D:1      | Gained mutation: You are partially covered in rough black scales (AC +4, Dex -1). [demonic ancestry]
   271 | D:1      | Reached XP level 2. HP: 21/24 MP: 3/3
   304 | D:1      | Reached * piety under Lugonu
   579 | D:1      | Reached XP level 3. HP: 29/29 MP: 5/5
  1235 | D:2      | Found a white marble altar of Elyvilon.
  1387 | D:2      | Noticed Robin
  1389 | D:2      | Reached ** piety under Lugonu
  1392 | D:2      | Gained mutation: You are mostly covered in rough black scales (AC +7, Dex -2). [demonic ancestry]
  1392 | D:2      | Reached XP level 4. HP: 36/37 MP: 6/6
  1396 | D:2      | Reached skill level 1 in Shields
  1406 | D:2      | Killed Robin
  1819 | D:3      | Reached *** piety under Lugonu
  2040 | D:3      | Reached XP level 5. HP: 39/42 MP: 7/7
  2581 | D:3      | Reached skill level 4 in Fighting
  3261 | D:4      | Gained mutation: You have sharp fingernails. [demonic ancestry]
  3261 | D:4      | Reached XP level 6. HP: 48/48 MP: 8/8
  3401 | D:4      | Found a radiant altar of Vehumet.
  4006 | D:4      | Reached **** piety under Lugonu
  4017 | D:4      | Found a snail-covered altar of Cheibriados.
  4115 | D:5      | Entered Level 5 of the Dungeon
  4149 | D:5      | Reached XP level 7. HP: 21/54 MP: 9/9
  4358 | D:5      | Found a sand-covered staircase.
  4370 | Ossuary  | Entered an ossuary
  5202 | D:5      | Gained mutation: A weak demonic guardian rushes to your aid. [demonic ancestry]
  5202 | D:5      | Reached XP level 8. HP: 55/61 MP: 10/10
  5245 | D:5      | Reached ***** piety under Lugonu
  5339 | D:4      | Reached skill level 5 in Fighting
  5346 | D:4      | Demolished by an ogre

Skill      XL: |  1  2  3  4  5  6  7  8 |
---------------+-------------------------+-----
Dodging        | 1 2 3 4 |  4.4
Armour         | 2 3 |  3.3
Axes           | 2 4 |  4.2
Shields        | 1 2 3 4 |  4.2
Fighting       | 4 5 |  5.0
Stealth        | |  0.6
Invocations    | |  2.8

Action                   |  1- 3 |  4- 6 |  7- 9 || total
-------------------------+-------+-------+-------++-------
Melee: Hand axe          |   163 |   398 |   331 ||   892
Invok: Depart the Abyss  |     1 |       |       ||     1
  Use: Potion            |       |     5 |     1 ||     6
       Scroll            |       |     3 |     7 ||    10
  Eat: Chunk             |     1 |    10 |     2 ||    13
       Bread ration      |       |       |     1 ||     1
Armor: Ring mail         |    59 |   188 |    80 ||   327
       Leather armour    |     4 |       |       ||     4
       Skin              |       |    20 |       ||    20
Dodge: Dodged            |    90 |   269 |   183 ||   542
Block: Other             |    12 |       |       ||    12
       Buckler           |    56 |   250 |   149 ||   455
       Reflection        |       |     6 |     2 ||     8
